 Dungeon Crawl Stone Soup version 0.28.0-45-g0d030f2227 (webtiles) character file.

Game seed: 15960962255092394961

59 pkoi the Insei (level 3, 0/29 HPs)
             Began as a Demigod Warper on Apr 21, 2022.
             Slain by an adder (2 damage)
             ... on level 1 of the Dungeon.
             The game lasted 00:03:18 (2973 turns).

pkoi the Insei (Demigod Warper)                     Turns: 2973, Time: 00:03:19

Health: 0/29       AC:  3    Str: 12    XL:     3   Next: 54%
Magic:  8/8        EV: 11    Int: 19    God:
Gold:   22         SH:  0    Dex: 13    Spells: 2/5 levels left

rFire   . . .      SeeInvis .   d - +0 whip
rCold   . . .      Faith    .   (no shield)
rNeg    . . .      Spirit   .   a - +0 leather armour
rPois   .          Reflect  .   (no helmet)
rElec   .          Harm     .   (no cloak)
rCorr   .          Rampage  .   (no gloves)
Will    .....                   (no boots)
Stlth   +.........              (no amulet)
HPRegen 0.09/turn               (no ring)
MPRegen 0.11/turn               (no ring)

@: no status effects
A: high MP 1, forlorn, divine attributes
a: no special abilities


You were on level 1 of the Dungeon.
You visited 1 branch of the dungeon, and saw 2 of its levels.

You collected 22 gold pieces.

Inventory:

Hand Weapons
 d - a +0 whip (weapon)
 f - a +0 dagger
 h - a +0 dagger
Missiles
 c - a boomerang of dispersal (quivered)
Armour
 a - a +0 leather armour (worn)
Scrolls
 b - a scroll of blinking


   Skills:
 - Level 1.7 Fighting
 - Level 0.8 Throwing
 - Level 0.8 Armour
 - Level 1.7 Dodging
 * Level 3.6 Unarmed Combat
 - Level 1.7 Spellcasting
 + Level 2.9 Translocations


You had 2 spell levels left.
You knew the following spells:

 Your Spells              Type           Power      Damage    Failure   Level
a - Apportation           Tloc           26%        N/A       6%          1
b - Blink                 Tloc           26%        N/A       10%         2

Your spell library contained the following spells:

 Spells                   Type           Power      Damage    Failure   Level
 Gell's Gravitas          Tloc           13%        N/A       19%         3
 Lesser Beckoning         Tloc           13%        N/A       19%         3
 Teleport Other           Tloc           13%        N/A       19%         3
 Manifold Assault         Tloc           13%        N/A       87%         5
 Alistair's Intoxication  Tmut/Pois      0%         N/A       99%         5


Dungeon Overview and Level Annotations

Branches:
Dungeon (2/15)


Innate Abilities, Weirdness & Mutations

You have an increased reservoir of magic. (+10% MP)
You shall have no god before yourself.
Your divine heritage dramatically boosts your attributes as you level up.


Message History

You barely miss the adder.
The adder is lightly wounded.
You feel sick.
You are no longer poisoned.
The adder bites you.
* * * LOW HITPOINT WARNING * * *
You are poisoned.
The adder poisons you! The adder bites you.
* * * LOW HITPOINT WARNING * * *
You aren't carrying any potions.
Okay, then.
You aren't carrying any items that you can evoke.
Throw: 2 boomerangs (disperse)
Press: ? - help, Q - select action, (/) - cycle Shift-Dir - straight line, f - adder
Aim: an adder (lightly wounded, 35% to hit)
You throw a boomerang of dispersal.
The boomerang of dispersal closely misses the adder.
You feel sick. The adder barely misses you.
Throw: dart (poison)
Press: ? - help, Shift-Dir - straight line, f/p - adder
Aim: an adder (lightly wounded, 35% to hit)
You throw a poisoned dart.
The poisoned dart closely misses the adder.
You feel sick. The adder barely misses you. x2
Unknown command.
You closely miss the adder.
The adder is lightly wounded.
You feel sick. The adder bites you.
* * * LOW HITPOINT WARNING * * *
You barely miss the adder.
The adder is lightly wounded.
You feel sick. The adder bites you.
* * * LOW HITPOINT WARNING * * *
The adder bites you but does no damage.
You hit the adder.
The adder is moderately wounded.
You feel sick.
You are no longer poisoned.
The adder bites you.
You die...

.###.# .#.#.# ######## ####
.#.#.###### #......# #...
..........# #......# #...
.#........# #......# #...
..........#### #......# #...
###..........# #......# ####
.....###.....# #......#
#.##.###.....###@.....#
#.##..##.......+.S....#
#'###+#######.##..(...# ........#
#.#...##### ########
⌠>⌠⌠⌠.8.#####.#.### #####.......
........#.....#.## #...'...(...
≈≈≈≈≈≈≈≈#.###....#####'###.......
≈≈≈≈≈≈≈≈#.# #............#.......
≈≈≈≈≈≈≈≈#.# #............#.......


You could see an adder.

Vanquished Creatures
  An adder (D:1)
  4 dart slugs (D:1)
  2 endoplasms (D:1)
  7 giant cockroaches (D:1)
  A goblin (D:1)
  5 hobgoblins (D:1)
  6 ball pythons
  5 bats
  3 frilled lizards (D:1)
  4 kobolds
  A rat (D:2)
39 creatures vanquished.

Notes
Turn   | Place    | Note
-------+----------+-------------------------------------------
     0 | D:1      | pkoi the Demigod Warper began the quest for the Orb.
     0 | D:1      | Reached XP level 1. HP: 17/17 MP: 5/5
   124 | D:1      | Reached skill level 2 in Unarmed Combat
   401 | D:1      | Reached XP level 2. HP: 14/24 MP: 7/7
  1027 | D:1      | Reached skill level 3 in Unarmed Combat
  1140 | D:1      | Learned a level 1 spell: Apportation
  1143 | D:1      | Learned a level 2 spell: Blink
  1314 | D:1      | Reached XP level 3. HP: 29/29 MP: 8/8
  2973 | D:1      | Slain by an adder

Illustrated notes

Levels and vault maps discovered:
D:1:      zaba_arrival_water, layout_basic, ebering_ecumenical_altar_rust,
          dk_noncrumbling_3, minmay_worlds_worst_comb
D:2:      layout_basic

Skill      XL: |  1  2 |
---------------+-------+-----
Unarmed Combat | 2 3 |  3.6
Fighting       | |  1.7
Throwing       | |  0.8
Armour         | |  0.8
Dodging        | |  1.7
Spellcasting   | |  1.7
Translocations | |  2.9

Action                   || total
-------------------------++-------
Melee: Whip              ||   148
       Punch             ||     1
Throw: Dart              ||     5
       Boomerang         ||     4
  Use: Scroll            ||     1
       Potion            ||     1
 Stab: Sleeping          ||     1
Armor: Leather armour    ||    39
       Skin              ||     3
Dodge: Dodged            ||    74
